 Dungeon Crawl Stone Soup version 0.21.1-1-g345015fe64 (webtiles) character file.

131929 PikkenKukken the Bludgeoner (level 17, -3/113 HPs)
             Began as a Gargoyle Fighter on June 7, 2018.
             Was the Champion of the Shining One.
             Killed from afar by a nagaraja (23 damage)
             ... with an orb of energy
             ... on level 3 of the Snake Pit on June 8, 2018.
             The game lasted 02:20:16 (28829 turns).

PikkenKukken the Bludgeoner (Gargoyle Fighter)     Turns: 28829, Time: 02:20:16

Health: -3/113     AC: 46    Str: 28    XL:     17   Next: 11%
Magic:  22/27      EV: 11    Int: 11    God:    the Shining One [******]
Gold:   1672       SH:  6    Dex: 17    Spells: 30/30 levels left

rFire    . . .     SeeInvis .   a - +9 great mace (holy)
rCold    . . .     Gourm    .   (shield currently unavailable)
rNeg     + + +     Faith    .   P - +13 chain mail of the Invisible Moons {MR+}
rPois    ∞         Spirit   .   (helmet restricted)
rElec    +         Reflect  +   j - +0 cloak
rCorr    .         Harm     .   E - +2 pair of gloves {archery}
MR       ++...                  o - +2 pair of boots
Stlth    ..........             L - +6 amulet of reflection
HPRegen  0.28/turn              z - +3 ring of strength
MPRegen  0.20/turn              H - +6 ring of dexterity

@: flying, glowing
A: big wings, horns 1, negative energy resistance 1, electricity resistance,
strong 1, unbreathing, petrification resistance, rot immunity, AC +12
a: Stop Flying, Divine Shield, Cleansing Flame, Summon Divine Warrior, Brand
Weapon With Holy Wrath, Renounce Religion


You were on level 3 of the Snake Pit.
You worshipped the Shining One.
The Shining One was exalted by your worship.
You were not hungry.

You visited 5 branches of the dungeon, and saw 27 of its levels.
You also visited: Bailey and Ice Cave.

You collected 2874 gold pieces.
You spent 1202 gold pieces at shops.

Inventory:

Hand Weapons
 a - a +9 great mace of holy wrath (weapon)
 b - a +4 arbalest of velocity
 O - the +4 rapier "Tivan" {freeze, rC+ rN+}
   (You found it on level 2 of the Lair of Beasts)

   It has been specially enchanted to freeze those struck by it, causing extra
   injury to most foes and up to half again as much damage against particularly
   susceptible opponents.
   It can also slow down cold-blooded creatures.
   It protects you from cold.
   It protects you from negative energy.
Missiles
 k - 157 bolts
Armour
 g - a +0 large shield of cold resistance
 j - a +0 cloak (worn)
 o - a +2 pair of boots (worn)
 v - the +3 warlock's mirror {reflect}
   (You found it on level 5 of the Dungeon)
 E - a +2 pair of gloves of archery (worn)
 F - a +2 helmet
 I - +4 gold dragon scales
 P - the +13 chain mail of the Invisible Moons (worn) {MR+}
   (You found it on level 12 of the Dungeon)

   It affects your resistance to hostile enchantments.
Jewellery
 e - a +3 ring of protection
 y - an uncursed ring of protection from magic
 z - a +3 ring of strength (left hand)
 C - a +3 ring of evasion
 D - an uncursed amulet of regeneration
 H - a +6 ring of dexterity (right hand)
 L - a +6 amulet of reflection (around neck)
 U - an uncursed amulet of magic regeneration
 X - an uncursed ring of protection from cold
Wands
 l - a wand of scattershot (6)
 p - a wand of digging (30)
 t - a wand of iceblast (10)
 w - a wand of paralysis (10)
 M - a wand of flame (48)
 N - a wand of polymorph (44)
 R - a wand of disintegration (15)
Scrolls
 d - 17 scrolls of identify
 h - 9 scrolls of teleportation
 i - 20 scrolls of remove curse
 n - 5 scrolls of silence
 r - 8 scrolls of amnesia
 G - a scroll of random uselessness {unknown}
 J - 2 scrolls of magic mapping
 T - 2 scrolls of fear
 Z - 4 scrolls of fog
Potions
 c - a potion of cancellation
 m - 7 potions of curing
 s - 2 potions of ambrosia
 u - 2 potions of might
 A - 5 potions of agility
 B - a potion of resistance
 K - a potion of mutation
Books
 q - a book of Changes

   Spells                             Type                      Level
   a - Beastly Appendage              Transmutation                1
   b - Sticks to Snakes               Transmutation                2
   c - Spider Form                    Transmutation/Poison         3
   d - Ice Form                       Ice/Transmutation            4
   e - Blade Hands                    Transmutation                5
 S - a book of Ice

   Spells                             Type                      Level
   a - Ice Form                       Ice/Transmutation            4
   b - Metabolic Englaciation         Hexes/Ice                    5
   c - Ozocubu's Refrigeration        Ice                          6
   d - Bolt of Cold                   Conjuration/Ice              6
   e - Freezing Cloud                 Conjuration/Ice/Air          6
   f - Simulacrum                     Ice/Necromancy               6
Comestibles
 f - 30 rations


   Skills:
 * Level 15.1 Fighting
 + Level 15.8 Maces & Flails
 + Level 12.3 Crossbows
 + Level 11.1 Armour
 + Level 3.5 Dodging
 - Level 4.7 Shields
 - Level 7.2 Spellcasting
 + Level 9.2 Invocations
 + Level 7.8 Evocations


You had 30 spell levels left.
You didn't know any spells.

Dungeon Overview and Level Annotations

Branches:
Dungeon (14/15)            Temple (1/1) D:7            Lair (6/6) D:10
 Shoals (0/4) Lair:4        Snake (4/4) Lair:3        Slime (0/5) Lair:5
    Orc (2/2) D:10            Elf (0/3) Orc:2
 Vaults: D:13-14

Altars:
Ashenzari
Cheibriados
Dithmenos
Elyvilon
Fedhas
Gozag
Hepliaklqana
Kikubaaqudgha
Makhleb
Nemelex Xobeh
Okawaru
Qazlal
Ru
Sif Muna
Trog
Uskayaw
Vehumet
Wu Jian
Xom
Yredelemnul
Zin
The Shining One
Jiyva

Shops:
D:9 !   D:10 (=   Orc:2 *[[%   Snake:1 *[=(   Snake:2 [

Annotations:
D:10 1 exclusion
Lair:5 Snorg
Snake:3 2 transporters


Innate Abilities, Weirdness & Mutations

You are resistant to torment.
Your stone body is resilient. (AC +12)
You are immune to poison.
Your large and strong wings let you fly indefinitely.
You resist negative energy. (rN+)
You are resistant to electric shocks. (rElec)
You can survive without breathing.
You are immune to petrification.
You are immune to rotting.
You have a pair of small horns on your head.
Your muscles are strong. (Str +2)


Message History

The nagaraja casts a spell at you. The poison arrow hits you!
You partially resist. Something hits your angel!
Your angel is constricted.
You see here an arrow.
Your angel gestures.
Your angel is healed somewhat.
The nagaraja hits your angel with a flail!!
Your angel dies!
The nagaraja gestures at you while chanting.
You resist with almost no effort.
The nagaraja gestures at you while chanting.
The orb of energy hits you!
* * * LOW HITPOINT WARNING * * *
Unknown command.
The nagaraja casts a spell at you. The poison arrow hits you!
You partially resist.
* * * LOW HITPOINT WARNING * * *
The nagaraja gestures at you while chanting.
The orb of energy hits you!
You die...

##.##############
#.#.#..(>(.(...[.
#..#.([.)((.....
##..[.#.((.(<(.(
##NN.[###########
##(##N## #...N##
###...## #..@.##
#...## #...#
###### #...#
##....# #..##
##.#..#### #.#<#
#......... #...#
#......... #...#
########.# #...#
###


You could see 2 nagarajas and a salamander.

Vanquished Creatures
  An Ice Fiend (IceCv)
  Kirke (D:12)
  Donald (Snake:3)
  5 nagarajas
  Louise (Snake:1)
  A stone giant (Orc:1)
  Azrael (Orc:2)
  Josephine (Orc:2)
  A catoblepas (Lair:2)
  7 naga warriors
  7 hydras
  6 anacondas
  Erica (D:9)
  A centaur warrior (D:14)
  2 two-headed ogres
  6 death yaks (Lair:3)
  4 shock serpents
  4 orc high priests (Orc:2)
  16 naga sharpshooters
  The ghost of Artool the Fighter, a novice DsBe of Trog (D:7)
  5 salamander mystics
  An unseen horror (D:10)
  3 naga ritualists
  A sea snake (Snake:4)
  2 orc knights
  5 mana vipers
  Pikel (D:6)
  A manticore (D:12)
  4 orc sorcerers
  2 ugly things
  A cyclops (D:12)
  2 deep elf magi (D:12)
  8 salamanders
  12 elephants
  3 centaur zombies
  3 guardian serpents
  5 ice statues
  9 naga magi
  Joseph (D:7)
  Psyche (D:12)
  21 black mambas
  13 spiny frogs
  2 komodo dragons
  2 rime drakes
  13 ice devils (IceCv)
  An anaconda simulacrum (IceCv)
  4 polar bears (Lair:6)
  5 trolls
  2 hornets (Lair:6)
  4 slime creatures
  12 blink frogs (Lair:6)
  6 hippogriffs
  9 dream sheep (Lair:6)
  2 spriggans (shapeshifter) (D:13)
  A wyvern (D:9)
  15 spriggans
  2 fire elementals
  3 dire elephant simulacra (IceCv)
  4 wraiths
  29 yaks
  4 basilisks
  2 wargs
  4 harpy simulacra (IceCv)
  24 nagas
  2 hydra simulacra (IceCv)
  10 water moccasins
  5 hell hounds
  17 porcupines
  5 ice beasts
  18 orc warriors
  A sky beast (D:8)
  2 phantoms
  5 black bears
  5 boggarts (Lair:6)
  12 ogres
  20 wolves
  9 centaurs
  9 crocodiles
  A big kobold (D:7)
  21 bullfrogs
  Blork the orc (D:4)
  4 scorpions
  19 killer bees
  3 wights (D:11)
  A bullfrog zombie (D:11)
  3 crimson imps
  A quasit (D:7)
  5 hounds
  22 orc priests
  Crazy Yiuf (D:7)
  2 jellies
  3 centaur skeletons
  3 iguanas
  20 orc wizards
  9 worker ants
  Terence (D:2)
  A hound zombie (D:5)
  A hound skeleton (D:8)
  10 adders
  8 gnolls
  3 shadow imps
  An ooze (D:4)
  6 worms
  2 dart slugs
  6 leopard geckos
  54 orcs
  3 ball pythons
  18 bats
  7 giant cockroaches
  11 goblins
  11 hobgoblins
  19 jackals
  20 kobolds
  4 quokkas
  5 frilled lizards
  A leopard gecko skeleton (D:4)
  A quokka skeleton (D:7)
  10 rats
  2 bushes (D:10)
766 creatures vanquished.

Vanquished Creatures (collateral kills)
  An orc high priest (Orc:2)
  An orc knight (Orc:2)
  10 orc warriors (Orc:2)
  8 orc priests (Orc:2)
  7 orcs (Orc:2)
27 creatures vanquished.

Vanquished Creatures (others)
  Vashnia (Snake:3)
  A hippogriff (D:12)
  6 humans (D:12)
  An ogre (D:6)
  A centaur (D:12)
  2 killer bees (D:12)
  A hound (D:12)
  2 orcs
  16 fungi
  14 plants
45 creatures vanquished.

Grand Total: 838 creatures vanquished

Notes
Turn   | Place    | Note
-------+----------+-------------------------------------------
     0 | D:1      | PikkenKukken the Gargoyle Fighter began the quest for the Orb.
     0 | D:1      | Reached XP level 1. HP: 14/14 MP: 1/1
    41 | D:1      | Reached XP level 2. HP: 14/20 MP: 2/2
   327 | D:1      | Reached XP level 3. HP: 24/24 MP: 4/4
   961 | D:2      | Reached skill level 1 in Spellcasting
  1000 | D:2      | Reached XP level 4. HP: 14/29 MP: 5/5
  1344 | D:2      | Noticed Terence
  1369 | D:2      | Killed Terence
  1453 | D:2      | Reached XP level 5. HP: 32/33 MP: 7/7
  2085 | D:3      | Reached skill level 1 in Dodging
  2405 | D:3      | Found a shadowy altar of Dithmenos.
  2408 | D:3      | Found a transporter.
  2420 | D:3      | Found a transporter.
  2492 | D:3      | Noticed an ice beast
  2509 | D:3      | Killed an ice beast
  2509 | D:3      | Reached XP level 6. HP: 5/38 MP: 7/9
  3302 | D:4      | Noticed a phantom
  3321 | D:4      | Killed a phantom
  3449 | D:4      | Reached XP level 7. HP: 43/43 MP: 10/10
  3861 | D:4      | Noticed Blork the orc
  3869 | D:4      | Killed Blork the orc
  3869 | D:4      | Reached skill level 1 in Crossbows
  4101 | D:5      | Entered Level 5 of the Dungeon
  4290 | D:5      | Found an opulent altar of Gozag.
  4334 | D:5      | You fall through a shaft!
  4395 | D:5      | Reached XP level 8. HP: 48/48 MP: 12/12
  4405 | D:5      | Reached skill level 5 in Maces & Flails
  4425 | D:5      | Found a bloodstained altar of Trog.
  4484 | D:5      | Found an opulent altar of Gozag.
  4656 | D:5      | Found the +3 warlock's mirror {reflect}
  5212 | D:6      | Reached skill level 5 in Armour
  5439 | D:6      | Gained mutation: Your magical capacity is low. (-10% MP) [potion of mutation]
  5439 | D:6      | Gained mutation: Your spells are a little harder to cast, but a little more powerful. [potion of mutation]
  5439 | D:6      | Gained mutation: You are agile. (Dex +2) [potion of mutation]
  5471 | D:6      | Reached skill level 5 in Fighting
  5530 | D:6      | Noticed Pikel
  5543 | D:6      | Killed Pikel
  5543 | D:6      | Reached XP level 9. HP: 52/54 MP: 13/13
  5972 | D:7      | Reached skill level 5 in Crossbows
  6154 | D:7      | Found a runed door.
  6159 | D:7      | Noticed Crazy Yiuf
  6162 | D:7      | Killed Crazy Yiuf
  6478 | D:7      | Noticed Artool's ghost (novice DsBe)
  6498 | D:7      | Killed Artool's ghost
  6498 | D:7      | Reached skill level 5 in Spellcasting
  6721 | D:7      | Noticed Joseph
  6730 | D:7      | Killed Joseph
  6730 | D:7      | Reached XP level 10. HP: 50/60 MP: 16/16
  6808 | D:7      | Found a staircase to the Ecumenical Temple.
  6825 | Temple   | Entered the Ecumenical Temple
  6834 | Temple   | Became a worshipper of the Shining One
  7172 | D:8      | Found a hide-covered altar of Uskayaw.
  7172 | D:8      | Found a white marble altar of Elyvilon.
  7581 | D:8      | Identified a scroll of acquirement
  7624 | D:8      | Noticed a two-headed ogre
  7644 | D:8      | Killed a two-headed ogre
  8346 | D:9      | Reached * piety under the Shining One
  8498 | D:9      | Noticed a two-headed ogre
  8513 | D:9      | Killed a two-headed ogre
  8757 | D:9      | Reached XP level 11. HP: 66/66 MP: 18/18
  8915 | D:9      | Found Ymyd's Distillery.
  8923 | D:9      | Bought a potion of berserk rage for 70 gold pieces
  8923 | D:9      | Bought a potion of berserk rage for 70 gold pieces
  8923 | D:9      | Bought a potion of might for 56 gold pieces
  9018 | D:9      | Noticed Erica
  9030 | D:9      | Killed Erica
  9597 | D:10     | Entered Level 10 of the Dungeon
  9829 | D:10     | Noticed an unseen horror
  9849 | D:10     | Killed an unseen horror
  9878 | D:10     | Found a staircase to the Lair.
  9949 | D:10     | Found a staircase to the Orcish Mines.
 10056 | D:10     | Found Xoocikh's Weapon Emporium.
 10118 | D:10     | Found Ixaimu's Jewellery Boutique.
 10379 | Lair:1   | Entered Level 1 of the Lair of Beasts
 10384 | Lair:1   | Reached ** piety under the Shining One
 10546 | Lair:1   | Reached skill level 10 in Maces & Flails
 11125 | Lair:2   | Reached skill level 1 in Invocations
 11149 | Lair:2   | Noticed a five-headed hydra
 11159 | Lair:2   | Killed a five-headed hydra
 11159 | Lair:2   | Reached skill level 1 in Evocations
 11159 | Lair:2   | Reached XP level 12. HP: 55/73 MP: 20/20
 11293 | Lair:2   | Got a brightly glowing rapier
 11295 | Lair:2   | Identified the +4 rapier "Tivan" {freeze, rC+ rN+} (You found it on level 2 of the Lair of Beasts)
 11659 | Lair:2   | Noticed a catoblepas
 11680 | Lair:2   | Killed a catoblepas
 12953 | Lair:3   | Found a staircase to the Snake Pit.
 13724 | Lair:4   | Reached skill level 10 in Crossbows
 13785 | Lair:4   | Found a staircase to the Shoals.
 13903 | Lair:4   | Noticed a death yak
 13903 | Lair:4   | Noticed a death yak
 13903 | Lair:4   | Reached *** piety under the Shining One
 13913 | Lair:4   | Noticed a death yak
 13968 | Lair:3   | Killed a death yak
 13968 | Lair:3   | Reached XP level 13. HP: 56/80 MP: 21/21
 14468 | Lair:3   | Reached skill level 5 in Invocations
 15095 | Lair:3   | Reached skill level 10 in Fighting
 15639 | Lair:5   | Noticed Snorg
 15824 | Lair:5   | Found a viscous altar of Jiyva.
 15824 | Lair:5   | Found a staircase to the Slime Pits.
 15841 | Lair:6   | Entered Level 6 of the Lair of Beasts
 15848 | Lair:6   | Reached skill level 5 in Evocations
 16374 | Lair:6   | Gained mutation: Your large and strong wings let you fly indefinitely. [Gargoyle growth]
 16374 | Lair:6   | Reached XP level 14. HP: 88/88 MP: 22/22
 17503 | D:11     | Found a flagged portal.
 17524 | Bailey   | Entered a bailey
 17707 | Bailey   | Found a burning altar of Makhleb.
 17847 | D:11     | Reached **** piety under the Shining One
 18461 | D:12     | Noticed Kirke
 18469 | D:12     | Killed Kirke
 18864 | D:12     | Noticed Psyche
 18923 | D:12     | Killed Psyche
 19073 | D:12     | Got a brightly glowing chain mail
 19085 | D:12     | Identified the +13 chain mail of the Invisible Moons {MR+} (You found it on level 12 of the Dungeon)
 19972 | Orc:1    | Entered Level 1 of the Orcish Mines
 20182 | Orc:1    | Noticed a stone giant
 20370 | Orc:1    | Killed a stone giant
 20373 | Orc:1    | Gained mutation: You are occasionally teleported next to monsters. [a neqoxec]
 20860 | Orc:2    | Entered Level 2 of the Orcish Mines
 20860 | Orc:2    | Noticed Josephine
 20860 | Orc:2    | Reached ***** piety under the Shining One
 20867 | Orc:2    | Killed Josephine
 20867 | Orc:2    | Reached XP level 15. HP: 96/96 MP: 23/23
 21006 | Orc:2    | Found a staircase to the Elven Halls.
 21117 | Orc:2    | Noticed Azrael
 21178 | Orc:2    | Killed Azrael
 21706 | Orc:2    | The Shining One protects you from harm!
 21716 | Orc:2    | HP: 3/96 [orc priest/divine providence (9)]
 22522 | Orc:2    | Found Deocwekh's Armour Shop.
 22522 | Orc:2    | Found Edosche's Assorted Antiques.
 22523 | Orc:2    | Found Jegurunoh's Food Shop.
 22523 | Orc:2    | Found Qoutex's Armour Boutique.
 22840 | Orc:2    | Bought a scroll of identify for 66 gold pieces
 22840 | Orc:2    | Bought a potion of heal wounds for 165 gold pieces
 22840 | Orc:2    | Bought a scroll of identify for 66 gold pieces
 22840 | Orc:2    | Bought a green potion for 29 gold pieces
 22989 | Snake:1  | Entered Level 1 of the Snake Pit
 23017 | Snake:1  | Found a frozen archway.
 23101 | IceCv    | Entered an ice cave
 23216 | IceCv    | Reached ****** piety under the Shining One
 23602 | IceCv    | Noticed an Ice Fiend
 23617 | IceCv    | Killed an Ice Fiend
 24016 | Snake:1  | Found Weroh's Jewellery Emporium.
 24022 | Snake:1  | Bought an uncursed ring of protection from magic for 350 gold pieces
 24023 | Snake:1  | Found Ytaikhloe's Weapon Shoppe.
 24294 | Snake:1  | Noticed Louise
 24305 | Snake:1  | Found Robi's Assorted Antiques.
 24468 | Snake:1  | Killed Louise
 24493 | Snake:1  | Bought a potion of mutation for 264 gold pieces
 24493 | Snake:1  | Bought a scroll of identify for 66 gold pieces
 24574 | Snake:1  | Found Yremanif's Armour Boutique.
 24633 | Snake:1  | Reached skill level 10 in Armour
 24807 | Snake:2  | Noticed a nagaraja
 24820 | Snake:1  | Reached XP level 16. HP: 70/104 MP: 24/24
 24995 | Snake:1  | Killed a nagaraja
 25201 | Snake:2  | Lost mutation: You are agile. (Dex +2) [potion of mutation]
 25201 | Snake:2  | Lost mutation: You are occasionally teleported next to monsters. [potion of mutation]
 25201 | Snake:2  | Lost mutation: Your magical capacity is low. (-10% MP) [potion of mutation]
 25201 | Snake:2  | Lost mutation: Your spells are a little harder to cast, but a little more powerful. [potion of mutation]
 25201 | Snake:2  | Gained mutation: Your muscles are strong. (Str +2) [potion of mutation]
 25201 | Snake:2  | Gained mutation: You have a pair of small horns on your head. [potion of mutation]
 25208 | Snake:2  | Found Dackace's Antique Armour Shoppe.
 25385 | Snake:2  | Reached skill level 15 in Maces & Flails
 26067 | Snake:3  | Noticed Vashnia
 26554 | Snake:3  | Killed Vashnia
 26829 | Snake:3  | Noticed a nagaraja
 26835 | Snake:3  | Noticed a nagaraja
 26962 | Snake:2  | Killed a nagaraja
 27093 | Snake:3  | Killed a nagaraja
 27693 | Snake:3  | Found a transporter.
 27920 | Snake:3  | Noticed Donald
 27934 | Snake:3  | Killed Donald
 28113 | Snake:3  | Found a transporter.
 28321 | Snake:4  | Entered Level 4 of the Snake Pit
 28361 | Snake:4  | Noticed a nagaraja
 28366 | Snake:4  | Killed a nagaraja
 28366 | Snake:4  | Reached skill level 15 in Fighting
 28372 | Snake:4  | Noticed a nagaraja
 28379 | Snake:4  | Reached XP level 17. HP: 103/113 MP: 27/27
 28829 | Snake:3  | Killed from afar by a nagaraja

Skill      XL: |  1  2  3  4  5  6  7  8  9 10 11 12 13 14 15 16 17 |
---------------+----------------------------------------------------+-----
Spellcasting   | 1 2 3 4 5 6 7 |  7.2
Maces & Flails | 3 4 6 7 8 10 11 12 13 14 15 | 15.8
Dodging        | 1 2 3 |  3.5
Shields        | 4 |  4.7
Fighting       | 4 5 6 7 9 10 12 13 15 | 15.1
Armour         | 4 5 6 7 8 9 10 11 | 11.1
Crossbows      | 2 4 6 8 9 10 11 12 | 12.3
Invocations    | 1 4 6 8 9 |  9.2
Evocations     | 1 4 5 6 7 |  7.8

Action                   |  1- 3 |  4- 6 |  7- 9 | 10-12 | 13-15 | 16-18 || total
-------------------------+-------+-------+-------+-------+-------+-------++-------
Melee: Flail             |   158 |   185 |   230 |   382 |       |       ||   955
       Mace              |       |    83 |       |       |       |       ||    83
       Great mace        |       |       |       |   118 |   721 |   209 ||  1048
       Headbutt          |       |       |       |       |       |    54 ||    54
 Fire: Arbalest          |       |       |    68 |   195 |   349 |   131 ||   743
Invok: Divine Shield     |       |       |       |       |     3 |     1 ||     4
       Summon Divine War |       |       |       |       |     1 |     1 ||     2
       Cleansing Flame   |       |       |       |       |     1 |       ||     1
 Abil: Fly               |       |       |       |       |     1 |       ||     1
  Use: Potion            |     2 |     4 |     3 |     2 |     5 |     3 ||    19
       Scroll            |     5 |     4 |     2 |     9 |    26 |     1 ||    47
  Eat: Chunk             |     1 |     6 |     9 |    10 |    16 |     1 ||    43
       Ration            |       |     1 |       |     4 |     6 |     4 ||    15
Armor: Scale mail        |   139 |   229 |    93 |       |       |       ||   461
       Plate armour      |       |       |    82 |   411 |   403 |       ||   896
       Gold dragon scale |       |       |       |       |   254 |       ||   254
       Chain mail        |       |       |       |       |   191 |   242 ||   433
       Skin              |       |       |       |       |     1 |       ||     1
Dodge: Dodged            |    65 |   118 |   114 |   187 |   406 |   113 ||  1003
Block: Shield            |   122 |   182 |       |       |       |       ||   304
       Buckler           |       |       |     2 |       |       |       ||     2
       Other             |       |       |       |    46 |   181 |    77 ||   304
       Reflection        |       |       |       |       |    15 |    22 ||    37
